 Dungeon Crawl Stone Soup version 0.32-a0-575-gafe9d2b (webtiles) character file.

Game seed: 8342455358426907377

106 Dorkslayer the Trooper (level 4, -1/35 HPs)
             Began as a Demonspawn Fighter on Mar 1, 2024.
             Slain by an orc priest
             ... wielding a +0 hand axe
              (5 damage)
             ... on level 3 of the Dungeon.
             The game lasted 00:02:58 (1268 turns).

Dorkslayer the Trooper (Demonspawn Fighter)         Turns: 1268, Time: 00:02:59

Health: -1/35      AC:  9    Str: 18    XL:     4   Next: 55%
Magic:  4/4        EV:  9    Int: 11    God:
Gold:   79         SH:  0    Dex: 12    Spells: 3/3 levels left

rFire   . . .        a - +0 war axe
rCold   . . .        c - +0 buckler
rNeg    . . .        b - +0 scale mail
rPois   .            (no helmet)
rElec   .            i - +0 cloak
rCorr   .            f - +0 pair of gloves
SInv    .            (no boots)
Will    .....        (no amulet) Stlth
                     (no ring)
HPRegen 0.25/turn    (no ring)
MPRegen 0.09/turn

%: no passive effects
@: confused, mighty
A: big brain 1, condensation shield
a: Convert to Beogh


You were on level 3 of the Dungeon.
You visited 1 branch of the dungeon, and saw 3 of its levels.

You collected 79 gold pieces.

Inventory:

Hand Weapons
 a - a +0 war axe (weapon)
Armour
 b - a +0 scale mail (worn)
 c - a +0 buckler (worn)
 f - a +0 pair of gloves (worn)
 i - a +0 cloak (worn)
Scrolls
 e - a scroll of identify
 h - a scroll of enchant armour
Potions
 j - a potion of mutation {unknown}
 k - a potion of enlightenment {unknown}


   Skills:
 + Level 3.4 Fighting
 + Level 2.8 Axes
 + Level 3.2 Armour
 * Level 1.3 Dodging
 + Level 3.1 Shields


You had 3 spell levels left.
You didn't know any spells.
Your spell library was empty.

Dungeon Overview and Level Annotations

Branches:
Dungeon (3/15)

Altars:
Beogh


Innate Abilities, Weirdness & Mutations

You have an unusually large brain. (Int +2)
A meltable shield of frost defends you. (SH +4)


Message History

The orc priest is lightly wounded.
The orc priest hits you but does no damage.
The orc priest hits you with a +0 short sword.
You hit the orc priest but do no damage.
The orc priest shouts, "Beogh offers mercy even to people such as you.
Join us and be reborn!"
The orc priest is lightly wounded.
The orc priest shouts, "Beogh offers mercy even to people such as you.
Join us and be reborn!"
The orc wizard mumbles some strange words.
The orc wizard flickers and vanishes!
Deactivating autopickup; reactivate with Ctrl-A.
The orc priest shouts, "The Pantheon deserves no one's loyalty.
Let us show you the true path!" You block the orc priest's attack.
You feel very mighty all of a sudden.
The orc priest threatens, "Beogh's wrath is as vast as their mercy.
Make your choice!"
The orc priest hits you but does no damage.
You slice the orc priest!!
You kill the orc priest!
The orc priest shouts, "The Pantheon deserves no one's loyalty.
Let us show you the true path!"
You hear some strange, mumbled words.
You are confused.
The orc priest mumbles some strange prayers to Beogh against you.
Beogh smites you!
* * * LOW HITPOINT WARNING * * *
You bump into the rock wall.
The orc hits you from afar with a +0 trident.
* * * LOW HITPOINT WARNING * * *
The orc priest hits you with a +0 hand axe.
* * * LOW HITPOINT WARNING * * *
You bump into the rock wall.
The orc closely misses you.
The orc priest invokes the aid of Beogh against you.
You barely resist.
You bump into the rock wall.
The orc closely misses you.
The orc priest shouts, "Beogh offers mercy even to people such as you.
Join us and be reborn!"
The orc priest barely misses you.
You bump into the rock wall.
The orc barely misses you. The orc priest barely misses you.
You miss the orc priest. The orc barely misses you.
The orc priest shouts, "Beogh offers mercy even to people such as you.
Join us and be reborn!"
The orc priest hits you with a +0 hand axe.
You die...

#..........#
#.......##+###
#............#
#######......#
#######......#
......'......#
.######......#
#......#######
#.........@o{#
#......#####o#
######## #'#
..o oß.ß.
#o.$.$#
#.ßoß$#
##$_$## #####


You could see an orc priest and an orc.

Vanquished Creatures
  A crimson imp (D:3)
  An orc priest (D:3)
  An adder (D:3)
  A dart slug (D:2)
  A ball python (D:2)
  2 bats
  4 endoplasms
  3 goblins
  A hobgoblin (D:2)
  5 kobolds
  A quokka (D:1)
  2 frilled lizards
  A goblin zombie (D:3)
  2 hobgoblin zombies (D:3)
  A kobold zombie (D:3)
  An orc skeleton (D:3)
  An orc zombie (D:3)
  3 rats
32 creatures vanquished.

Notes
Turn   | Place    | Note
-------+----------+-------------------------------------------
     0 | D:1      | Dorkslayer the Demonspawn Fighter began the quest for the
                  | Orb.
     0 | D:1      | Reached XP level 1. HP: 18/18 MP: 1/1
   173 | D:1      | Gained mutation: You have an unusually large brain. (Int
                  | +2) [demonic ancestry]
   173 | D:1      | Reached XP level 2. HP: 22/24 MP: 2/2
   179 | D:1      | Found a faded altar of an unknown god.
   849 | D:3      | Reached XP level 3. HP: 18/28 MP: 3/3
   964 | D:3      | Reached skill level 1 in Dodging
   964 | D:3      | Gained mutation: A meltable shield of frost defends you.
                  | (SH +4) [demonic ancestry]
   964 | D:3      | Reached XP level 4. HP: 34/35 MP: 4/4
  1254 | D:3      | Found a roughly hewn altar of Beogh.
  1268 | D:3      | Slain by an orc priest

Illustrated notes

Levels and vault maps discovered:
D:1:      minmay_arrival_wavy_path, layout_basic,
          hellmonk_ecumenical_altar_run_dry, chequers_serial_rivers_room_a
D:2:      layout_basic
D:3:      cheibrodos_greedy_goblins, layout_basic, nicolae_tso_besieged_by_evil,
          ebering_ghost_gozag, kennysheep_orc_chapel, uniq_grinder,
          uniq_crazy_yiuf_cottage

Skill      XL: |  1  2  3 |
---------------+----------+-----
Axes           | 2 |  2.8
Armour         | 3 |  3.2
Shields        | 3 |  3.1
Dodging        | 1 |  1.3
Fighting       | |  3.4

Action                     |  1- 3 |  4- 6 || total
---------------------------+-------+-------++-------
  Melee: War axe           |    68 |    11 ||    79
    Use: Scroll            |     2 |       ||     2
         Potion            |       |     2 ||     2
 Armour: Scale mail        |    44 |    16 ||    60
  Dodge: Dodged            |    31 |     9 ||    40
  Block: Buckler           |    21 |     4 ||    25

Table legend: (Time is in decaauts)
 A = Elapsed time spent in this place.
 B = Non-inter-level travel time spent in this place.
 C = Inter-level travel time spent in this place.
 D = Time resting spent in this place.
 E = Time spent auto-exploring this place.
 F = Levels seen in this place.
 G = Mean time per level.
                   A        B        C        D        E       F      G
               +--------+--------+--------+--------+--------+-----+--------+
         Total |   1300 |   1300 |      0 |      0 |    679 |   3 |  433.3 |
       Dungeon |   1300 |   1300 |      0 |      0 |    679 |   3 |  433.3 |
               +--------+--------+--------+--------+--------+-----+--------+

Top non-repeatable levels by time:
     D:1: 486 daAuts
     D:3: 452 daAuts
     D:2: 362 daAuts
